 Dungeon Crawl Stone Soup version 0.29-a0-721-g7f417c9bbb (webtiles) character file.

Game seed: 1472987304010525762

112 gobodom the Sneak (level 4, -1/29 HPs)
             Began as an Octopode Brigand on June 27, 2022.
             Slain by Grinder (6 damage)
             ... on level 3 of the Dungeon.
             The game lasted 00:07:41 (2529 turns).

gobodom the Sneak (Octopode Brigand)                Turns: 2529, Time: 00:07:42

Health: -1/29      AC:  1    Str: 12    XL:     4   Next: 95%
Magic:  4/4        EV: 12    Int: 13    God:
Gold:   107        SH:  0    Dex: 13    Spells: 3/3 levels left

rFire   . . .      SeeInvis .   d - +2 dagger (venom)
rCold   . . .      Faith    .   (no shield)
rNeg    . . .      Spirit   .   (helmet restricted)
rPois   +          Reflect  .   (no amulet)
rElec   .          Harm     .   h - ring of poison resistance
rCorr   .          Rampage  .   (no ring)
Will    .....                   (no ring)
Stlth   +++++.....              (no ring)
HPRegen 0.09/turn               (no ring)
MPRegen 0.09/turn               (no ring)
                                (no ring)
                                (no ring)

@: no status effects
A: almost no armour, amphibious, 8 rings, camouflage 1, gelatinous body 1,
(nimble swimmer 1), tentacles
a: no special abilities


You were on level 3 of the Dungeon.
You visited 1 branch of the dungeon, and saw 3 of its levels.

You collected 143 gold pieces.
You spent 36 gold pieces at shops.

Inventory:

Hand Weapons
 a - a +2 dagger
 d - a +2 dagger of venom (weapon)
 k - a +1 dagger of flaming
 s - a +2 dagger of draining
Missiles
 b - 4 poisoned darts (quivered)
 c - 3 curare-tipped darts
Jewellery
 h - a ring of poison resistance (left tentacle)
 p - a ring of wizardry
Scrolls
 e - a scroll of poison {unknown}
 f - 2 scrolls of teleportation {unknown}
 g - a scroll of identify
 m - 2 scrolls of silence
 n - 2 scrolls of amnesia {unknown}
 q - a scroll of immolation {unknown}
Potions
 i - a potion of degeneration
 j - a potion of flight
 l - a potion of resistance
 o - 2 potions of curing
 r - a potion of mutation {unknown}


   Skills:
 + Level 2.1 Fighting
 + Level 2.3 Short Blades
 + Level 2.7 Throwing
 + Level 1.1 Dodging
 + Level 7.6 Stealth


You had 3 spell levels left.
You didn't know any spells.
Your spell library was empty.

Dungeon Overview and Level Annotations

Branches:
Dungeon (3/15)

Altars:
Yredelemnul

Shops:
D:1 !

Annotations:
D:3 Grinder


Innate Abilities, Weirdness & Mutations

You cannot wear most types of armour.
You are amphibious.
You can wear up to eight rings at the same time.
Your skin changes colour to match your surroundings (Stealth+).
Your rubbery body absorbs attacks. (AC +1, EV +1)
((You are camouflaged when in or above water. (Stealth+)))
You have tentacles for arms and can constrict up to eight enemies at once.


Message History

You constrict the adder. The adder closely misses you.
Grinder blinks!
You hit Grinder but do no damage.
Grinder is poisoned.
You grab Grinder. You squeeze Grinder.
Grinder is lightly wounded.
You constrict Grinder. You constrict the adder. The adder closely misses you.
Grinder hits you.
You writhe in agony.
You barely miss Grinder.
Grinder is lightly wounded.
You constrict Grinder. You constrict the adder.
You kill the adder!
Grinder struggles to blink free from constriction.
You hit Grinder but do no damage.
Grinder is lightly wounded.
You constrict Grinder. Grinder gestures at you.
You barely resist. You hit Grinder but do no damage. You squeeze Grinder!
Grinder is moderately wounded.
You constrict Grinder. Grinder closely misses you.
You barely miss Grinder. You squeeze Grinder, but do no damage.
Grinder is moderately wounded.
You constrict Grinder, but do no damage.
Grinder gestures at you.
You suddenly lose the ability to move!
You lose your grip on Grinder.
Grinder hits you!
You writhe in agony.
Grinder drinks a potion.
Grinder seems to grow stronger.
You can move again.
You hit Grinder but do no damage. You grab Grinder.
Grinder is heavily wounded.
You constrict Grinder.
Grinder looks more healthy.
You hit Grinder.
Grinder is heavily wounded.
You constrict Grinder. Grinder gestures at you. Pain shoots through your body!
* * * LOW HITPOINT WARNING * * *
You hit Grinder.
Grinder is heavily wounded.
You constrict Grinder. Grinder hits you.
You die...

......
......
.......
####(......
#...(......
+........$.
#.†5.......
#.@........
#..........
#...#.....
###.# ####
#.# #.# #.
.# #.#
..... #.#
#.#.## #.#
#....


You could see Grinder (strong).

Vanquished Creatures
  4 gnolls (D:2)
  2 adders
  A worm (D:2)
  2 dart slugs
  2 ball pythons
  4 bats (D:1)
  3 endoplasms (D:1)
  2 giant cockroaches
  7 goblins
  8 hobgoblins
  A quokka (D:2)
  A frilled lizard (D:2)
  4 kobolds
  5 rats
46 creatures vanquished.

Notes
Turn   | Place    | Note
-------+----------+-------------------------------------------
     0 | D:1      | gobodom the Octopode Brigand began the quest for the Orb.
     0 | D:1      | Reached XP level 1. HP: 14/14 MP: 1/1
   145 | D:1      | Reached XP level 2. HP: 17/19 MP: 2/2
   261 | D:1      | Reached skill level 6 in Stealth
   776 | D:1      | Reached XP level 3. HP: 24/24 MP: 3/3
   902 | D:1      | Found Hedayluff's Distillery.
   911 | D:1      | Bought a potion of curing for 36 gold pieces
  1169 | D:2      | Reached skill level 7 in Stealth
  1242 | D:2      | Reached XP level 4. HP: 12/29 MP: 4/4
  1656 | D:2      | Found a faded altar of an unknown god.
  2242 | D:2      | Found a basalt altar of Yredelemnul.
  2512 | D:3      | Noticed Grinder
  2514 | D:3      | Paralysed by Grinder for 2 turns
  2524 | D:3      | Paralysed by Grinder for 2 turns
  2529 | D:3      | Slain by Grinder

Illustrated notes

Levels and vault maps discovered:
D:1:      dpeg_arrival_boxorama, layout_basic, serial_shops,
          nicolae_diamond_shop
D:2:      layout_basic, dreamdust_ecumenical_altar_angels_and_demons,
          basic_altar, serial_glass, glass_columns_b, glass_columns_a,
          glass_columns_a, glass_columns_a, glass_columns_a,
          dreamdust_wishing_well
D:3:      layout_basic, nicolae_sif_muna_little_library, zin_purify,
          uniq_grinder

Skill      XL: |  1  2  3 |
---------------+----------+-----
Stealth        | 6 7 |  7.6
Fighting       | |  2.1
Short Blades   | |  2.3
Throwing       | |  2.7
Dodging        | |  1.1

Action                   |  1- 3 |  4- 6 || total
-------------------------+-------+-------++-------
Melee: Dagger            |    38 |    30 ||    68
       Tentacles         |     9 |     8 ||    17
       Constrict         |     9 |     8 ||    17
Throw: Dart              |    17 |     8 ||    25
  Use: Scroll            |     1 |     3 ||     4
 Stab: Sleeping          |    14 |     4 ||    18
Armor: Skin              |     1 |       ||     1
Dodge: Dodged            |    12 |    10 ||    22

Table legend: (Time is in decaauts)
 A = Elapsed time spent in this place.
 B = Non-inter-level travel time spent in this place.
 C = Inter-level travel time spent in this place.
 D = Time resting spent in this place.
 E = Time spent auto-exploring this place.
 F = Levels seen in this place.
 G = Mean time per level.
                   A        B        C        D        E       F      G
               +--------+--------+--------+--------+--------+-----+--------+
         Total |   2517 |   2517 |      0 |    363 |   1351 |   3 |  839.0 |
       Dungeon |   2517 |   2517 |      0 |    363 |   1351 |   3 |  839.0 |
               +--------+--------+--------+--------+--------+-----+--------+

Top non-repeatable levels by time:
     D:2: 1438 daAuts
     D:1: 1028 daAuts
     D:3: 50 daAuts
